 Dungeon Crawl Stone Soup version 0.29-a0-911-g88e6f02907 (webtiles) character file.

Game seed: 13921156820198047101

760 Hubjo the Changer (level 7, -2/53 HPs)
             Began as a Demonspawn Transmuter on July 25, 2022.
             Was a Believer of Vehumet.
             Killed by divine providence
             ... invoked by an orc priest
              (12 damage)
             ... on level 5 of the Dungeon.
             The game lasted 00:07:43 (4381 turns).

Hubjo the Changer (Demonspawn Transmuter)           Turns: 4381, Time: 00:08:00

Health: -2/53      AC:  9    Str: 10    XL:     7   Next: 51%
Magic:  12/12      EV: 12    Int: 17    God:    Vehumet [**....]
Gold:   253        SH:  0    Dex: 13    Spells: 8/13 levels left

rFire   x . .      SeeInvis .     - Unarmed
rCold   + . .      Faith    .   (no shield)
rNeg    . . .      Spirit   .   a - +1 robe
rPois   .          Reflect  .   (helmet currently unavailable)
rElec   .          Harm     .   (no cloak)
rCorr   .          Rampage  .   (no gloves)
Will    .....                   (boots currently unavailable)
Stlth   +.........              (no amulet)
HPRegen 0.17/turn               n - +4 ring of protection
MPRegen 0.13/turn               r - ring of ice

@: lethally poisoned (-2 -> -9), appendages
A: horns 2, talons 2, thin metallic scales 1, powered by death 1, spiny 1,
weakness stinger 1
a: End Transformation, Renounce Religion


You were on level 5 of the Dungeon.
You worshipped Vehumet.
Vehumet was pleased with you.
You had temporarily grown beastly horns and talons.
You visited 1 branch of the dungeon, and saw 5 of its levels.

You collected 253 gold pieces.

Inventory:

Armour
 a - a +1 robe (worn)
Jewellery
 n - a +4 ring of protection (left hand)
 r - a ring of ice (right hand)
Wands
 k - a wand of quicksilver (12)
 v - a wand of flame (17)
Scrolls
 c - 2 scrolls of teleportation
 e - a scroll of enchant weapon
 f - a scroll of immolation
 h - a scroll of brand weapon
 l - a scroll of magic mapping
Potions
 b - a potion of lignification
 d - 2 potions of degeneration {unknown}
 g - 2 potions of might {unknown}
 i - a potion of flight {unknown}
 j - a potion of mutation {unknown}
 m - a potion of invisibility {unknown}
 o - 2 potions of curing {unknown}
 q - 2 potions of attraction {unknown}
 s - a potion of resistance {unknown}


   Skills:
 + Level 3.8 Fighting
 - Level 1.7 Dodging
 + Level 4.1 Unarmed Combat
 + Level 3.7 Spellcasting
 * Level 4.5 Transmutations
 + Level 2.3 Ice Magic


You had 8 spell levels left.
You knew the following spells:

 Your Spells              Type           Power      Damage    Failure   Level
a - Beastly Appendage     Tmut           36%        N/A       2%          1
b - Ice Form              Ice/Tmut       22%        N/A       36%         4

Your spell library contained the following spells:

 Spells                   Type           Power      Damage    Failure   Level
 Magic Dart               Conj           12%        1d3       16%         1
 Wereblood                Tmut           18%        N/A       3%          2
 Passwall                 Tmut/Erth      8%         N/A       10%         2
 Ensorcelled Hibernation  Hex/Ice        20%        N/A       16%         2
 Spider Form              Tmut/Pois      10%        N/A       19%         3
 Sublimation of Blood     Necr           3%         N/A       24%         2
 Swiftness                Air            3%         N/A       43%         3
 Summon Hydra             Summ           1%         N/A       100%        7


Dungeon Overview and Level Annotations

Branches:
Dungeon (5/15)             Temple (0/1) D:5

Altars:
Vehumet

Shops:
D:1 (   D:2 (

Annotations:
D:5 2 runed translucent doors, flotson's ghost, weakling DsDe


Innate Abilities, Weirdness & Mutations

You have temporarily grown beastly horns and talons.
You are partially covered in thin metallic scales. (AC +2)
You regenerate a little health from kills.
You are partially covered in sharp spines.
You have a small tail.


Message History

The scorpion closely misses you.
You hit the scorpion.
You kill the scorpion!
Vehumet accepts your kill.
You feel sick.
You hit the scorpion. Your kick misses the scorpion.
The scorpion is moderately wounded.
You feel sick. The scorpion stings you.
You hit the scorpion. Your kick misses the scorpion. You headbutt the scorpion.
Your tail-slap misses the scorpion.
The scorpion is heavily wounded.
You feel sick. The scorpion is struck by your spines.
The scorpion closely misses you.
The orc priest mumbles some strange prayers to Beogh against you.
Beogh smites you! The scorpion stings you.
You are more poisoned.
The scorpion poisons you!
You hit the scorpion.
You claw the scorpion, but do no damage.
Your headbutt misses the scorpion.
The scorpion is almost dead.
You feel very sick. The scorpion closely misses you.
You barely miss the scorpion. You headbutt the scorpion.
You kill the scorpion!
Vehumet accepts your kill.
* * * LOW HITPOINT WARNING * * *
You feel very sick.
The orc priest begins to cast a cantrip, but forgets the words!
* * * LOW HITPOINT WARNING * * *
You feel very sick. The orc priest closely misses you.
You see here a scorpion corpse.
Blink to where?
Press: ? - help, Dir - move target
As you read the scroll of blinking, it crumbles to dust.
You feel sick.
The orc priest calls down the wrath of Beogh upon you.
Beogh smites you!
You die...

##.......
#))...... #o#
#§# #.# #.#
#.# #.# #.#
#.# #.###.#
#.#.@.# ##.#
## #.#.###
#..##.. #.#.#
#.##(.# ##.#.#
####.##.#.
#....#
#......†#.
#..###
###.........
#..#
#...........
#..#
#.#...<...#.
#..#
###.#...)††...


You could see an orc priest.

Vanquished Creatures
  A black bear (D:4)
  A sky beast (D:3)
  An ice beast (D:5)
  An ogre (D:5)
  3 scorpions (D:5)
  An orc priest (D:5)
  An iguana (D:4)
  6 adders
  A river rat (D:3)
  7 dart slugs
  2 worms (D:2)
  5 orcs (D:5)
  8 ball pythons
  5 endoplasms
  5 giant cockroaches
  5 goblins
  5 hobgoblins
  5 jackals
  7 kobolds
  6 quokkas
  3 bats
  3 frilled lizards
  5 rats
87 creatures vanquished.

Vanquished Creatures (others)
  6 fungi (D:5)
6 creatures vanquished.

Grand Total: 93 creatures vanquished

Notes
Turn   | Place    | Note
-------+----------+-------------------------------------------
     0 | D:1      | Hubjo the Demonspawn Transmuter began the quest for the
                  | Orb.
     0 | D:1      | Reached XP level 1. HP: 15/15 MP: 3/3
   299 | D:1      | Gained mutation: You are partially covered in thin metallic
                  | scales. (AC +2) [demonic ancestry]
   299 | D:1      | Reached XP level 2. HP: 21/21 MP: 3/5
   368 | D:1      | Found Zirozin's Weapon Shoppe.
   425 | D:1      | Found a faded altar of an unknown god.
   429 | D:1      | Prayed at the altar of an unknown god.
   429 | D:1      | Became a worshipper of Vehumet
   429 | D:1      | Reached * piety under Vehumet
   429 | D:1      | Offered knowledge of Shock by Vehumet.
  1009 | D:2      | Found Ysoyzx Utsa's Weapon Shoppe.
  1488 | D:2      | Gained mutation: You are partially covered in sharp spines.
                  | [demonic ancestry]
  1488 | D:2      | Reached XP level 3. HP: 16/27 MP: 4/6
  2386 | D:3      | Reached XP level 4. HP: 31/34 MP: 7/7
  2424 | D:3      | Learned a level 4 spell: Ice Form
  2506 | D:3      | Reached ** piety under Vehumet
  2506 | D:3      | Offered knowledge of Magic Dart by Vehumet.
  2978 | D:3      | Noticed a sky beast
  2993 | D:3      | Killed a sky beast
  2994 | D:3      | Reached XP level 5. HP: 24/40 MP: 7/9
  3220 | D:3      | Reached skill level 1 in Ice Magic
  3591 | D:4      | Noticed a black bear
  3602 | D:4      | Killed a black bear
  3603 | D:4      | Gained mutation: You have a small tail. [demonic ancestry]
  3603 | D:4      | Reached XP level 6. HP: 40/47 MP: 8/10
  3895 | D:5      | Entered Level 5 of the Dungeon
  3945 | D:5      | Noticed an ice beast
  3953 | D:5      | Killed an ice beast
  3987 | D:5      | Found a large runed translucent door.
  3987 | D:5      | Found a large runed translucent door.
  3988 | D:5      | Noticed flotson's ghost (weakling DsDe)
  4147 | D:5      | Found a staircase to the Ecumenical Temple.
  4206 | D:5      | Gained mutation: You regenerate a little health from kills.
                  | [demonic ancestry]
  4206 | D:5      | Reached XP level 7. HP: 30/52 MP: 12/12
  4381 | D:5      | Killed from afar by an orc priest

Illustrated notes

Levels and vault maps discovered:
D:1:      dpeg_arrival_shrine, layout_basic, chequers_ecumenical_altar_grove,
          serial_shops, nicolae_shop_waterfront
D:2:      layout_basic, serial_shops, nicolae_shop_bloodbath_and_beyond
D:3:      layout_loops_ring, serial_rivers, chequers_serial_rivers_room_b,
          chequers_serial_rivers_micro_b, chequers_serial_rivers_small_a,
          chequers_serial_rivers_room_b, portal_sewer_entry_b,
          patterned_corridor
D:4:      layout_rooms, hex_intersection
D:5:      kennysheep_steamy, layout_rooms, minmay_temple_entry_trees,
          ebering_ghost_disaster_area

Skill      XL: |  1  2  3  4  5  6  7 |
---------------+----------------------+-----
Transmutations | 2 3 4 |  4.5
Fighting       | 2 3 |  3.8
Unarmed Combat | 3 4 |  4.1
Ice Magic      | 1 2 |  2.3
Spellcasting   | 3 |  3.7
Dodging        | |  1.7

Action                   |  1- 3 |  4- 6 |  7- 9 || total
-------------------------+-------+-------+-------++-------
Melee: Unarmed           |    80 |   106 |    21 ||   207
       Kick              |    25 |    28 |     9 ||    62
       Headbutt          |    10 |    12 |     4 ||    26
       Punch             |     2 |     2 |     1 ||     5
       Tailslap          |       |     6 |     2 ||     8
 Cast: Beastly Appendage |    32 |    38 |     2 ||    72
  Use: Scroll            |     2 |     6 |     1 ||     9
       Potion            |       |     1 |       ||     1
 Stab: Sleeping          |       |     1 |       ||     1
Armor: Robe              |    16 |    40 |     7 ||    63
Dodge: Dodged            |    43 |    54 |    11 ||   108

Table legend: (Time is in decaauts)
 A = Elapsed time spent in this place.
 B = Non-inter-level travel time spent in this place.
 C = Inter-level travel time spent in this place.
 D = Time resting spent in this place.
 E = Time spent auto-exploring this place.
 F = Levels seen in this place.
 G = Mean time per level.
                   A        B        C        D        E       F      G
               +--------+--------+--------+--------+--------+-----+--------+
         Total |   4375 |   4218 |    157 |      0 |   3625 |   5 |  875.0 |
       Dungeon |   4375 |   4218 |    157 |      0 |   3625 |   5 |  875.0 |
               +--------+--------+--------+--------+--------+-----+--------+

Top non-repeatable levels by time:
     D:2: 1308 daAuts
     D:3: 1111 daAuts
     D:1: 953 daAuts
     D:4: 519 daAuts
     D:5: 482 daAuts
